MLB
TEXAS RANGERS @ BOSTON RED SOX
05/06/2039
 
TOP OF THE 1ST
Texas Rangers batting - Pitching for Boston Red Sox : RHP Simon Adamic
Pitching: RHP Simon Adamic
Batting: RHB Rodolfo Soto 0-0: Ball
1-0: Swinging Strike
1-1: Ball
2-1: SINGLE (Line Drive, 7S, EV 86.9 MPH)
Batting: RHB Eric Parr 0-0: Called Strike
0-1: Ball
1-1: Fielders Choice at 2nd, 2-4 (Groundball, 2L, EV 70.0 MPH)
Batting: LHB Dan Kelley 0-0: SINGLE (Line Drive, 5D, EV 95.0 MPH)
Eric Parr to second
Batting: RHB Rodrigo Maradiaga 0-0: Called Strike
0-1: Foul Ball, location: 2F
0-2: Reached on error, E5 (Groundball, 56S, EV 88.8 MPH)
Eric Parr to third
Dan Kelley to second
Batting: RHB Danny Cooper 0-0: Ball
1-0: Ball
Wild Pitch!
Eric Parr scores
Dan Kelley to third
Rodrigo Maradiaga to second
2-0: Ball
3-0: Called Strike
3-1: SINGLE (Line Drive, 8RS, EV 110.0 MPH)
Dan Kelley scores
Rodrigo Maradiaga to third
Runner from 3rd tries for Home, SAFE, throw by CF to home
Batting: RHB R.J. Shiffler 0-0: Called Strike
0-1: Foul Ball, location: 25F
0-2: Fly out, F8 (Flyball, 8RD, EV 108.8 MPH)
Batting: LHB Alex Batista 0-0: Called Strike
0-1: Ball
1-1: Called Strike
1-2: Ball
2-2: Ball
3-2: Hit by Pitch
Danny Cooper to second
Batting: RHB Jaylen Keal 0-0: Foul Ball, location: 25FF
0-1: Fly out, F8 (Line Drive, 8LM, EV 96.9 MPH)
Top of the 1st over - 3 runs, 3 hits, 1 error, 2 left on base; Texas 3 - Boston 0
BOTTOM OF THE 1ST
Boston Red Sox batting - Pitching for Texas Rangers : RHP Jim Brown
Pitching: RHP Jim Brown
Batting: LHB Marcelo Mayer 0-0: Called Strike
0-1: Swinging Strike
0-2: Strikes out swinging
Batting: LHB Brendan Stogner 0-0: Called Strike
0-1: Ball
1-1: Ball
2-1: SINGLE (Groundball, 56D, EV 99.4 MPH) (infield hit)
Batting: RHB Ronald Acuna Jr. 0-0: SINGLE (Line Drive, 7S, EV 105.0 MPH)
Brendan Stogner to second
Batting: RHB Phil Lafnear 0-0: Called Strike
0-1: Ball
1-1: DOUBLE (Line Drive, 89XD, EV 105.6 MPH)
Brendan Stogner scores
Ronald Acuna Jr. to third
Runner from 3rd tries for Home, SAFE, no throw by RF
Batting: LHB Tim Long 0-0: Ball
1-0: Fly out, F7 (Flyball, 78M, EV 90.0 MPH)
Batting: RHB Juan Burruel 0-0: Ground out 6-3 (Groundball, 6M, EV 85.0 MPH)
Bottom of the 1st over - 2 runs, 3 hits, 0 errors, 1 left on base; Texas 3 - Boston 2
TOP OF THE 2ND
Texas Rangers batting - Pitching for Boston Red Sox : RHP Simon Adamic
Batting: RHB Oswald Peraza 0-0: Called Strike
0-1: Ball
1-1: Ball
2-1: Swinging Strike
2-2: Foul Ball, location: 7LSF
2-2: Ball
3-2: Strikes out swinging
Batting: RHB Rodolfo Soto 0-0: Foul Ball, location: 2F
0-1: Foul Ball, location: 2LF
0-2: Strikes out swinging
Batting: RHB Eric Parr 0-0: Ground out 6-3 (Groundball, 6, EV 105.6 MPH)
Top of the 2nd over - 0 runs, 0 hits, 0 errors, 0 left on base; Texas 3 - Boston 2
BOTTOM OF THE 2ND
Boston Red Sox batting - Pitching for Texas Rangers : RHP Jim Brown
Batting: RHB Yohann Gil 0-0: Ball
1-0: Ball
2-0: DOUBLE (Flyball, 78D, EV 91.9 MPH)
Batting: RHB David Andino 0-0: Ball
1-0: Fly out, F8 (Flyball, 8RD, EV 91.3 MPH)
Batting: RHB Joe Merrill 0-0: Foul Ball, location: 2F
0-1: Ball
Wild Pitch!
Yohann Gil to third
1-1: Ball
2-1: Called Strike
2-2: DOUBLE (Flyball, 8RD, EV 90.0 MPH)
Yohann Gil scores
Batting: LHB Marcelo Mayer 0-0: Ball
1-0: Foul Ball, location: 2F
1-1: Ball
2-1: Foul Ball, location: 9LMFF
2-2: Foul Ball, location: 5SF
2-2: Ball
Wild Pitch!
Joe Merrill to third
3-2: Base on Balls
Batting: LHB Brendan Stogner 0-0: Ball
1-0: Called Strike
1-1: Foul Ball, location: 5FF
1-2: Ball
2-2: Foul Ball, location: 23F
2-2: Ball
3-2: Strikes out swinging
Batting: RHB Ronald Acuna Jr. 0-0: Swinging Strike
0-1: Ball
1-1: Swinging Strike
1-2: Foul Ball, location: 9LMF
1-2: Ball
2-2: Foul Ball, location: 3F
2-2: Strikes out looking
Bottom of the 2nd over - 1 run, 2 hits, 0 errors, 2 left on base; Texas 3 - Boston 3
TOP OF THE 3RD
Texas Rangers batting - Pitching for Boston Red Sox : RHP Simon Adamic
Batting: LHB Dan Kelley 0-0: Foul Ball, location: 2F
0-1: Called Strike
0-2: Ball
1-2: Ball
2-2: Strikes out looking
Batting: RHB Rodrigo Maradiaga 0-0: Ball
1-0: Foul Ball, location: 5FF
1-1: SINGLE (Groundball, 34D, EV 105.0 MPH)
Batting: RHB Danny Cooper 0-0: Swinging Strike
0-1: Foul Ball, location: 3SF
0-2: Ball
1-2: Ball
2-2: Foul Ball, location: 5F
2-2: Foul Ball, location: 2F
2-2: Ball
3-2: Base on Balls
Rodrigo Maradiaga to second
Batting: RHB R.J. Shiffler 0-0: Called Strike
0-1: Called Strike
0-2: Ball
1-2: Ball
2-2: Ball
3-2: Base on Balls
Rodrigo Maradiaga to third
Danny Cooper to second
Batting: LHB Alex Batista 0-0: Foul Ball, location: 3F
0-1: DOUBLE (Groundball, 5L, EV 101.9 MPH)
Rodrigo Maradiaga scores
Danny Cooper scores
R.J. Shiffler to third
Runner from 3rd tries for Home, SAFE, throw by LF to trailing runner, SAFE at third!
Pitching: LHP Josh Jarvis
Batting: RHB Jaylen Keal 0-0: Called Strike
0-1: Ball
1-1: Foul Ball, location: 9LSF
1-2: Ground out 6-3 (Groundball, 6, EV 87.5 MPH)
Alex Batista scores
Batting: RHB Oswald Peraza 0-0: Foul Ball, location: 2F
0-1: Foul Ball, location: 9LSF
0-2: Foul Ball, location: 5SF
0-2: Foul Ball, location: 2F
0-2: Strikes out looking
Top of the 3rd over - 4 runs, 2 hits, 0 errors, 0 left on base; Texas 7 - Boston 3
BOTTOM OF THE 3RD
Boston Red Sox batting - Pitching for Texas Rangers : RHP Jim Brown
Batting: RHB Phil Lafnear 0-0: Swinging Strike
0-1: Called Strike
0-2: Reached on error, E6 (Groundball, 6, EV 87.5 MPH)
Batting: LHB Tim Long 0-0: Foul Ball, location: 2LF
0-1: Ball
1-1: Ball
2-1: Ball
3-1: Foul Ball, location: 7LSF
3-2: Base on Balls
Phil Lafnear to second
Batting: RHB Juan Burruel 0-0: Ball
1-0: Swinging Strike
1-1: Foul Ball, location: 2F
1-2: Foul Ball, location: 2F
1-2: SINGLE (Flyball, 4D, EV 88.8 MPH)
Phil Lafnear to third
Tim Long to second
Batting: RHB Yohann Gil 0-0: Foul Ball, location: 2F
0-1: Ball
1-1: Swinging Strike
1-2: SINGLE (Groundball, 4MD, EV 104.4 MPH)
Phil Lafnear scores
Tim Long to third
Juan Burruel to second
Runner from 3rd tries for Home, SAFE, throw by CF to home
Pitching: RHP Dario Gutierrez
Batting: RHB David Andino 0-0: Ball
1-0: Called Strike
1-1: Ball
2-1: Swinging Strike
2-2: Ball
3-2: Base on Balls
Juan Burruel to third
Yohann Gil to second
Batting: RHB Joe Merrill 0-0: Ball
1-0: Ball
2-0: Called Strike
2-1: Called Strike
2-2: Strikes out looking
Batting: LHB Marcelo Mayer 0-0: Called Strike
0-1: Foul Ball, location: 23F
0-2: Ball
1-2: SINGLE (Line Drive, 8LS, EV 101.9 MPH)
Juan Burruel scores
Yohann Gil to third
David Andino to second
Batting: LHB Brendan Stogner 0-0: Ball
1-0: Ball
2-0: Swinging Strike
2-1: Ball
3-1: Fly out, F9 (Flyball, 9, EV 82.5 MPH)
Runner from 3rd tags up, SCORES, throw by RF
Batting: RHB Ronald Acuna Jr. 0-0: Called Strike
0-1: Ball
1-1: Swinging Strike
1-2: Ball
2-2: Strikes out swinging
Bottom of the 3rd over - 4 runs, 3 hits, 1 error, 2 left on base; Texas 7 - Boston 7
TOP OF THE 4TH
Texas Rangers batting - Pitching for Boston Red Sox : LHP Josh Jarvis
Batting: RHB Rodolfo Soto 0-0: Swinging Strike
0-1: Foul Ball, location: 5DF
0-2: Ball
1-2: Strikes out looking
Batting: RHB Eric Parr 0-0: SINGLE (Line Drive, 8RS, EV 101.9 MPH)
Batting: LHB Dan Kelley 0-0: Foul Ball, location: 3DF
0-1: Ball
1-1: Ball
2-1: Called Strike
2-2: Strikes out looking
Batting: RHB Rodrigo Maradiaga 0-0: Ball
1-0: Ball
2-0: Called Strike
2-1: Ball
3-1: Foul Ball, location: 2RF
3-2: Foul Ball, location: 2F
3-2: Base on Balls
Eric Parr to second
Batting: RHB Danny Cooper 0-0: Called Strike
0-1: Ball
1-1: Ball
2-1: Swinging Strike
2-2: Strikes out looking
Top of the 4th over - 0 runs, 1 hit, 0 errors, 2 left on base; Texas 7 - Boston 7
BOTTOM OF THE 4TH
Boston Red Sox batting - Pitching for Texas Rangers : RHP Dario Gutierrez
Batting: RHB Phil Lafnear 0-0: Called Strike
0-1: Ground out 5-3 (Groundball, 56, EV 103.8 MPH)
Batting: LHB Tim Long 0-0: Swinging Strike
0-1: Foul Ball, location: 3F
0-2: Foul Ball, location: 7LMF
0-2: Strikes out swinging
Batting: RHB Juan Burruel 0-0: Called Strike
0-1: Fly out, F4 (Popup, 4, EV 59.4 MPH)
Bottom of the 4th over - 0 runs, 0 hits, 0 errors, 0 left on base; Texas 7 - Boston 7
TOP OF THE 5TH
Texas Rangers batting - Pitching for Boston Red Sox : LHP Josh Jarvis
Batting: RHB R.J. Shiffler 0-0: Ball
1-0: Foul Ball, location: 9LMF
1-1: Ball
2-1: Foul Ball, location: 25FF
2-2: Foul Ball, location: 2F
2-2: Foul Ball, location: 9LDF
2-2: Foul Ball, location: 9LDF
2-2: Fly out, F9 (Flyball, 9D, EV 99.4 MPH)
Batting: LHB Alex Batista 0-0: Ball
1-0: Swinging Strike
1-1: Swinging Strike
1-2: Foul Ball, location: 23F
1-2: Ground out 4-3 (Groundball, 34, EV 91.9 MPH)
Batting: RHB Jaylen Keal 0-0: Called Strike
0-1: Called Strike
0-2: Ball
1-2: SOLO HOME RUN (Line Drive, 7D, EV 107.5 MPH), Distance : 446 ft
Pitching: RHP Joe Lance
Batting: RHB Oswald Peraza 0-0: Ball
1-0: Foul Ball, location: 9LDF
1-1: Called Strike
1-2: Ball
2-2: DOUBLE (Line Drive, 9LS, EV 95.6 MPH)
Batting: RHB Rodolfo Soto 0-0: Reached on error, E6 (Groundball, 6, EV 83.1 MPH)
Batting: RHB Eric Parr 0-0: Ground out 4-3 (Groundball, 4, EV 101.3 MPH)
Top of the 5th over - 1 run, 2 hits, 1 error, 2 left on base; Texas 8 - Boston 7
BOTTOM OF THE 5TH
Boston Red Sox batting - Pitching for Texas Rangers : RHP Dario Gutierrez
Batting: RHB Yohann Gil 0-0: Called Strike
0-1: Ball
1-1: Ball
2-1: Ball
3-1: Base on Balls
Batting: RHB David Andino 0-0: Fly out, F3 (Line Drive, 3L, EV 69.4 MPH)
Lined into DP, U3 (Line Drive, 3L, EV 69.4 MPH)
Batting: RHB Joe Merrill 0-0: Called Strike
0-1: Swinging Strike
0-2: Strikes out looking
Bottom of the 5th over - 0 runs, 0 hits, 0 errors, 0 left on base; Texas 8 - Boston 7
TOP OF THE 6TH
Texas Rangers batting - Pitching for Boston Red Sox : RHP Joe Lance
Batting: LHB Dan Kelley 0-0: Ball
1-0: Foul Ball, location: 2F
1-1: SINGLE (Groundball, 6MD, EV 97.5 MPH)
Batting: RHB Rodrigo Maradiaga 0-0: Foul Ball, location: 3SF
0-1: Foul Ball, location: 2F
0-2: Ball
1-2: Foul Ball, location: 5F
1-2: Foul Ball, location: 2F
1-2: Ball
2-2: Ball
3-2: 2-RUN HOME RUN (Flyball, 78XD, EV 111.9 MPH), Distance : 426 ft
Batting: RHB Danny Cooper 0-0: Called Strike
0-1: Ball
1-1: Ball
2-1: Ball
3-1: Base on Balls
Batting: RHB R.J. Shiffler 0-0: Ball
1-0: Foul Ball, location: 25F
1-1: Ball
2-1: Called Strike
2-2: Foul Ball, location: 9LSF
2-2: Strikes out looking
Pitching: RHP Mike Dunk
Batting: LHB Alex Batista 0-0: Called Strike
0-1: Fielders Choice at 2nd, 4-6 (Groundball, 4, EV 92.5 MPH)
Batting: RHB Jaylen Keal 0-0: Foul Ball, location: 23F
0-1: Ball
Alex Batista is caught stealing 2nd base 2-4
Top of the 6th over - 2 runs, 2 hits, 0 errors, 0 left on base; Texas 10 - Boston 7
BOTTOM OF THE 6TH
Boston Red Sox batting - Pitching for Texas Rangers : RHP Dario Gutierrez
Batting: LHB Marcelo Mayer 0-0: Ball
1-0: Ball
2-0: Ball
3-0: Base on Balls
Pitching: RHP Tyler Williams
Batting: LHB Brendan Stogner 0-0: Called Strike
0-1: Called Strike
0-2: Ball
Marcelo Mayer steals 2nd base
1-2: Ball
2-2: Strikes out swinging
Batting: RHB Ronald Acuna Jr. 0-0: Ball
Wild Pitch!
Marcelo Mayer to third
1-0: Ball
2-0: Ball
3-0: Ground out 4-3 (Groundball, 4M, EV 84.4 MPH)
Marcelo Mayer scores
Batting: RHB Phil Lafnear 0-0: Called Strike
0-1: Foul Ball, location: 23FF
0-2: Fly out, F4 (Popup, 34D, EV 67.5 MPH)
Bottom of the 6th over - 1 run, 0 hits, 0 errors, 0 left on base; Texas 10 - Boston 8
TOP OF THE 7TH
Texas Rangers batting - Pitching for Boston Red Sox : RHP Mike Dunk
Batting: RHB Jaylen Keal 0-0: Ball
1-0: Foul Ball, location: 3FF
1-1: Swinging Strike
1-2: Ball
2-2: Ball
3-2: Base on Balls
Batting: RHB Oswald Peraza 0-0: Ball
1-0: Bunted foul
1-1: Bunted foul
1-2: SINGLE (Line Drive, 89S, EV 108.8 MPH)
Jaylen Keal to second
Pitching: RHP Irving Medina
Batting: RHB Rodolfo Soto 0-0: Foul Ball, location: 2F
0-1: Ball
1-1: Ball
2-1: Foul Ball, location: 23F
2-2: Strikes out looking
Batting: RHB Eric Parr 0-0: Called Strike
0-1: Foul Ball, location: 23F
0-2: Ball
1-2: Strikes out swinging
Batting: LHB Dan Kelley 0-0: Foul Ball, location: 9LMF
0-1: Called Strike
0-2: Ball
1-2: Strikes out swinging
Top of the 7th over - 0 runs, 1 hit, 0 errors, 2 left on base; Texas 10 - Boston 8
BOTTOM OF THE 7TH
Boston Red Sox batting - Pitching for Texas Rangers : RHP Tyler Williams
Batting: LHB Tim Long 0-0: Ball
1-0: Called Strike
1-1: Ball
2-1: SOLO HOME RUN (Flyball, 8RXD, EV 105.0 MPH), Distance : 416 ft
Batting: RHB Juan Burruel 0-0: SINGLE (Line Drive, 89S, EV 105.6 MPH)
Batting: RHB Yohann Gil 0-0: Swinging Strike
0-1: Called Strike
0-2: Ball
1-2: Reached on error, E6 (Groundball, 6, EV 88.8 MPH)
Juan Burruel to second
Batting: RHB David Andino 0-0: Ball
1-0: Ball
2-0: Fielders Choice at 2nd, 6-4 (Groundball, 6, EV 82.5 MPH)
Juan Burruel to third
Batting: RHB Joe Merrill 0-0: Called Strike
0-1: Called Strike
0-2: Fly out, F8 (Flyball, 89M, EV 86.9 MPH)
Runner from 3rd tags up, SCORES, no throw by CF
Batting: LHB Marcelo Mayer 0-0: Ball
1-0: Ball
2-0: Fielders Choice at 2nd, 5-4 (Groundball, 56, EV 80.0 MPH)
Bottom of the 7th over - 2 runs, 2 hits, 1 error, 1 left on base; Texas 10 - Boston 10
TOP OF THE 8TH
Texas Rangers batting - Pitching for Boston Red Sox : RHP Irving Medina
Batting: RHB Rodrigo Maradiaga 0-0: Ball
1-0: Ball
2-0: Ball
3-0: Called Strike
3-1: SINGLE (Groundball, 4MD, EV 94.4 MPH)
Batting: RHB Danny Cooper 0-0: SINGLE (Flyball, 9LS, EV 88.1 MPH)
Rodrigo Maradiaga to second
Batting: RHB R.J. Shiffler 0-0: Ball
1-0: Called Strike
1-1: Called Strike
1-2: Strikes out swinging
Pitching: RHP Marc Triplett
Batting: LHB Alex Batista 0-0: Ball
1-0: Called Strike
1-1: Foul Ball, location: 3FF
1-2: Ball
2-2: Foul Ball, location: 2F
2-2: Ball
3-2: Fly out, F8 (Line Drive, 8RM, EV 93.8 MPH)
Batting: RHB Jaylen Keal 0-0: Ball
1-0: Ball
2-0: Reached via error on a dropped throw from SS, E4 (Groundball, 6, EV 81.9 MPH)
Rodrigo Maradiaga to third
Danny Cooper to second
Pinch Hitting: SHB Hector Gomez 0-0: Foul Ball, location: 2F
0-1: Swinging Strike
0-2: Foul Ball, location: 7LDF
0-2: Strikes out looking
Top of the 8th over - 0 runs, 2 hits, 1 error, 3 left on base; Texas 10 - Boston 10
BOTTOM OF THE 8TH
Boston Red Sox batting - Pitching for Texas Rangers : RHP Tyler Williams
Pitching: LHP Robby Jaeger
Now at SS: Frank Moraine
Batting: LHB Brendan Stogner 0-0: Called Strike
0-1: Ball
1-1: Ball
2-1: Fly out, F7 (Flyball, 7, EV 83.1 MPH)
Batting: RHB Ronald Acuna Jr. 0-0: Foul Ball, location: 7LSF
0-1: Ball
1-1: Ball
2-1: Foul Ball, location: 2F
2-2: Foul Ball, location: 2F
2-2: DOUBLE (Flyball, 8LXD, EV 110.0 MPH)
Batting: RHB Phil Lafnear 0-0: Intentional Walk
Pinch Hitting: RHB Kevin Keller 0-0: Hit by Pitch
Ronald Acuna Jr. to third
Phil Lafnear to second
Pitching: RHP Eric Nunez
Batting: RHB Juan Burruel 0-0: Ball
1-0: Foul Ball, location: 9LSF
1-1: Fly out, F8 (Flyball, 89M, EV 97.5 MPH)
Runner from 3rd tags up, SCORES, throw by CF
Phil Lafnear to third
Batting: RHB Yohann Gil 0-0: Foul Ball, location: 25F
0-1: Ball
1-1: Ball
2-1: Called Strike
2-2: Foul Ball, location: 3SF
2-2: Ball
3-2: Ground out 4-3 (Groundball, 4, EV 103.1 MPH)
Bottom of the 8th over - 1 run, 1 hit, 0 errors, 2 left on base; Texas 10 - Boston 11
TOP OF THE 9TH
Texas Rangers batting - Pitching for Boston Red Sox : RHP Marc Triplett
Pitching: RHP Charlie Bartholomew
Now at 1B: Kevin Keller
Now in CF: Mike Betti
Now in RF: Juan Burruel
Batting: RHB Rodolfo Soto 0-0: Ground out 6-3 (Groundball, 56, EV 80.0 MPH)
Batting: RHB Eric Parr 0-0: Ball
1-0: Fly out, F9 (Flyball, 89M, EV 83.1 MPH)
Batting: LHB Dan Kelley 0-0: Swinging Strike
0-1: Ball
1-1: Foul Ball, location: 3DF
1-2: Ball
2-2: Foul Ball, location: 5SF
2-2: Fly out, F6 (Line Drive, 6M, EV 60.6 MPH)
Top of the 9th over - 0 runs, 0 hits, 0 errors, 0 left on base; Texas 10 - Boston 11
Wednesday, March 27th , 2024 - OOTP Baseball 24.10 Build 82